Map: Blackpink LE

Players

ellsdabaws - Winner!

  • Race: Zerg Zerg
  • Spawn Location: 1:00

Infamous

  • Race: Protoss Protoss
  • League: Silver
  • Spawn Location: 7:00

VOD

Have the link to the VOD?

Description

Time

  • Played on: April 5, 2018, 5:11 p.m.
  • Length: 19:31
Show
View Real Time Build Order
Export as new Build Order

ellsdabaws Zerg - Winner!

Build Orders: Hatch First, Lurkers 

Get SALT Encoding   

  12  0:04  Drone  
  13  0:12  Overlord  
  13  0:17  Drone  
  14  0:32  Drone x2  
  16  0:41  Drone  
  17  0:47  Drone  
  18  0:59  Hatchery  
  18  1:00  Drone  
  18  1:06  Extractor  
  18  1:09  Drone  
  18  1:20  Spawning Pool  
  18  1:23  Drone  
  18  1:32  Drone  
  19  1:42  Drone  
  20  1:52  Overlord  
  20  2:07  Queen  
  22  2:11  Metabolic Boost  
  22  2:15  Zergling x6  
  25  2:25  Drone, Queen  
  28  2:32  Drone  
  29  2:39  Drone  
  30  2:49  Drone x2  
  32  2:53  Overlord  
  32  3:01  Queen  
  32  3:04  Drone  
  35  3:23  Drone x3  
  35  3:24  Drone x5  
  41  3:54  Drone  
  41  3:55  Drone x3  
  44  4:12  Lair  
  44  4:15  Overlord x2  
  44  4:16  Overlord x3  
  44  4:29  Hatchery  
  43  4:37  Hatchery  
  42  4:42  Zergling x8  
  42  4:43  Zergling x8  
  50  4:54  Drone  
  50  4:58  Spore Crawler  
  50  5:02  Spore Crawler  
  50  5:03  Overlord  
  49  5:13  Extractor  
  48  5:15  Drone  
  48  5:16  Drone  
  50  5:29  Pneumatized Carapace  
  50  5:33  Extractor  
  49  5:36  Drone x3, Extractor  
  49  5:39  Drone x5  
  56  5:47  Hydralisk Den  
  55  5:54  Evolution Chamber  
  55  5:55  Evolution Chamber  
  53  5:59  Drone x2, Queen  
  53  6:03  Drone  
  53  6:04  Drone, Queen  
  61  6:25  Hydralisk x5  
  61  6:26  Hydralisk  
  73  6:45  Overlord x5  
  73  7:04  Grooved Spines  
  73  7:07  Zerg Missile Weapons Level 1  
  73  7:29  Drone x2  
  76  7:30  Drone  
  76  7:31  Drone x3  
  76  7:32  Drone  
  76  7:33  Drone x3  
  76  7:35  Drone x3  
  86  7:46  Hydralisk x4  
  86  7:47  Hydralisk x3  
  86  7:48  Zergling x4  
  86  7:49  Zergling x2  
  103  7:52  Overseer  
  103  8:17  Hydralisk x4  
  103  8:18  Hydralisk x2  
  114  8:22  Spore Crawler  
  113  8:31  Infestation Pit  
  112  8:54  Spore Crawler  
  112  8:55  Drone x6  
  116  9:01  Drone x5  
  116  9:02  Drone  
  123  9:17  Lurker Den  
  123  9:21  Muscular Augments  
  123  9:23  Zerg Missile Weapons Level 2, Zerg Ground Armor Level 1  
  122  9:37  Extractor  
  122  9:38  Extractor  
  120  9:42  Extractor  
  120  9:44  Drone x2  
  120  9:45  Drone x3, Extractor  
  123  9:49  Drone x5  
  128  9:54  Overlord x5  
  128  10:24  Spine Crawler  
  128  10:28  Spine Crawler  
  116  10:39  Hydralisk x3  
  116  10:40  Hydralisk x8  
  116  10:41  Hydralisk x3  
  116  10:42  Zergling x8  
  134  10:43  Zergling x16  
  134  10:44  Zergling x4  
  142  10:57  Spine Crawler  
  141  11:06  Spine Crawler  
  141  11:08  Overseer x2  
  141  11:09  Overseer x2  
  140  11:33  Overlord x4  
  140  11:34  Overlord x3  
  140  11:35  Zergling x10  
  147  11:40  Lurker x6  
  147  11:41  Lurker  
  130  12:45  Hydralisk x3  
  130  12:46  Hydralisk x8  
  130  12:47  Hydralisk  
  130  12:48  Zergling x16  
  130  12:49  Zergling x4  
  164  13:04  Hive  
  164  13:53  Spine Crawler  
  144  15:06  Hydralisk x3  
  144  15:07  Hydralisk x7  
  144  15:08  Hydralisk x3  
  144  15:09  Zergling x4  
  144  15:10  Zergling x14  
  144  15:11  Zergling x10  
  103  16:03  Hydralisk x2  
  103  16:04  Hydralisk x7  
  87  16:05  Hydralisk x3  
  109  16:25  Spire  
  108  16:29  Zergling x10  
  104  17:07  Hydralisk x4  
  104  17:08  Hydralisk x7  
  109  17:09  Hydralisk x3  
  109  17:10  Zergling x6  
  109  17:11  Zergling x4  
  71  17:52  Zergling x6  
  71  17:53  Zergling x14  
  81  18:09  Corruptor x6  
  93  18:29  Zergling x2  
  93  18:30  Zergling x14  
  93  18:31  Zergling x4  
  93  18:42  Zergling x8  
  93  18:43  Zergling x8  
Show
View Real Time Build Order
Export as new Build Order

Infamous Protoss 

Build Orders:  

Get SALT Encoding   

  12  0:16  Probe  
  14  0:28  Probe  
  14  0:33  Pylon  
  14  0:49  Probe  
  15  0:52  Assimilator  
  15  0:55  Gateway  
  15  1:02  Probe (Chrono Boost)  
  16  1:13  Probe (Chrono Boost)  
  17  1:25  Assimilator  
  17  1:30  Probe  
  18  1:38  Pylon  
  18  1:45  Pylon, Zealot  
  20  1:51  Probe  
  21  2:03  Cybernetics Core  
  21  2:18  Probe  
  22  2:30  Probe  
  22  2:43  Probe  
  23  2:50  Warp Gate  
  23  2:57  Nexus  
  23  3:00  Probe  
  24  3:12  Probe  
  23  3:37  Stargate  
  21  4:04  Probe (Chrono Boost)  
  22  4:16  Probe (Chrono Boost)  
  23  4:21  Probe (Chrono Boost), Pylon  
  24  4:32  Gateway  
  24  4:33  Probe (Chrono Boost), Gateway  
  24  4:36  Gateway  
  26  4:41  Probe (Chrono Boost)  
  26  5:03  Probe (Chrono Boost), Shield Battery  
  26  5:04  Probe (Chrono Boost)  
  28  5:08  Phoenix  
  30  5:15  Probe (Chrono Boost)  
  30  5:19  Gateway  
  32  5:21  Gateway  
  32  5:24  Probe (Chrono Boost)  
  32  5:26  Assimilator  
  32  5:27  Probe (Chrono Boost)  
  33  5:32  Probe (Chrono Boost)  
  34  5:36  Phoenix  
  34  5:42  Probe  
  36  5:43  Probe  
  36  5:46  Stalker  
  36  5:47  Zealot  
  36  5:49  Sentry  
  44  5:50  Sentry  
  46  6:00  Probe (Chrono Boost)  
  47  6:10  Probe (Chrono Boost)  
  49  6:13  Probe (Chrono Boost)  
  47  6:34  Pylon  
  47  6:37  Probe x2  
  49  6:40  Phoenix (Chrono Boost)  
  49  6:43  Forge  
  49  6:45  Forge  
  51  6:56  Zealot x3  
  51  6:57  Zealot x3  
  63  7:02  Phoenix (Chrono Boost)  
  65  7:20  Stalker x2  
  69  7:26  Probe  
  69  7:29  Assimilator  
  70  7:35  Protoss Ground Weapons Level 1 (Chrono Boost)  
  70  7:36  Protoss Ground Armor Level 1 (Chrono Boost)  
  70  7:40  Photon Cannon  
  70  7:54  Photon Cannon  
  70  7:57  Robotics Facility  
  70  8:14  Pylon  
  70  8:17  Pylon  
  70  8:30  Probe x2  
  66  8:41  Stalker x4  
  72  8:42  Stalker  
  72  8:43  Stalker  
  78  8:56  Probe x2  
  78  8:58  Immortal  
  84  9:05  Robotics Bay  
  84  9:06  Zealot  
  86  9:20  Shield Battery  
  86  9:21  Pylon  
  86  9:23  Pylon, Photon Cannon  
  86  9:27  Pylon  
  86  9:40  Stalker x4  
  86  9:42  Zealot  
  86  9:43  Zealot  
  98  9:46  Observer  
  98  9:51  Extended Thermal Lance (Chrono Boost)  
  99  10:03  Colossus  
  99  10:09  Probe x2, Protoss Shields Level 1 (Chrono Boost)  
  107  10:21  Probe  
  107  10:25  Twilight Council  
  92  10:39  Stalker  
  92  10:40  Stalker x5  
  74  10:53  Colossus (Chrono Boost)  
  80  11:05  Zealot x3  
  80  11:06  Zealot x3  
  80  11:11  Probe x2  
  94  11:19  Charge (Chrono Boost)  
  94  11:24  Templar Archives  
  94  11:35  Zealot x5  
  104  11:50  Sentry x3  
  73  12:35  Stalker  
  73  12:36  Colossus (Chrono Boost), Stalker x5  
  77  12:55  Robotics Facility  
  76  13:02  Zealot x4  
  84  13:14  Probe x2  
  84  13:19  Colossus (Chrono Boost)  
  92  13:20  Sentry  
  92  13:22  High Templar  
  96  13:30  Sentry x2  
  96  13:31  Sentry x2  
  104  13:46  Zealot  
  106  13:55  Stalker  
  106  13:56  Stalker  
  106  14:02  Pylon  
  110  14:08  Pylon  
  110  14:19  Colossus (Chrono Boost)  
  110  14:20  Probe x2  
  118  14:27  Sentry x4  
  118  14:49  Observer (Chrono Boost)  
  119  14:53  Zealot x2  
  119  14:54  Zealot  
  125  15:02  Observer (Chrono Boost)  
  90  15:29  Zealot x2  
  90  15:30  Zealot x4  
  93  15:51  Stalker x5  
  93  15:52  Stalker  
  93  16:08  Probe x2  
  93  16:10  Observer x2  
  97  16:16  Zealot x2  
  101  16:30  Colossus  
  107  16:39  Zealot x4  
  101  17:28  Nexus  
  99  17:32  Pylon  
  77  17:52  Zealot  
  77  17:53  Zealot x4  
  87  18:01  Probe  
  88  18:19  Stalker  
  90  18:20  Sentry x2  
  73  19:16  Assimilator  
  65  19:18  Assimilator  
Tags
 
Composition
Lurkers
League
Silver
Matchup
PvZ
Replay Pack
Last Remnant (2)
Spawn Locations
Cross Positions
Add a new tag
Caveats
  • Supply blocks, unpowered buildings, or Contaminate may cause inaccurate times.
  • Supply counts are checked every 10 seconds.